 Dungeon Crawl Stone Soup version bcrawl-1.18.1 (webtiles) character file.

Game seed: 16971683969871306546

51 Morbidden the Ruffian (level 3, 0/29 HPs)
             Began as a Draconian Transmuter on Nov 7, 2019.
             Slain by a goblin
             ... wielding a +0 dagger
              (5 damage)
             ... on level 2 of the Dungeon.
             The game lasted 00:03:28 (1566 turns).

Morbidden the Ruffian (Draconian Transmuter)        Turns: 1566, Time: 00:03:29

Health: 0/29       AC: 12    Str: 13    XL:     3   Next: 58%
Magic:  6/6        EV: 12    Int: 13    God:
Gold:   136        SH:  0    Dex: 11    Spells: 3/6 levels left

rFire    . . .     SeeInvis .   b - +2 dagger (protect)
rCold    . . .     Gourm    .   (no shield)
rNeg     . . .     Faith    .   (armour unavailable)
rPois    .         Spirit   .   (helmet restricted)
rElec    .         Reflect  .   (no cloak)
rCorr    .         Harm     .   (no gloves)
MR       .....                  (no boots)
Stlth    +.........             (no amulet)
HPRegen  0.09/turn              (no ring)
MPRegen  0.10/turn              (no ring)

@: protection aura
A: unfitting armour, cold-blooded, AC +5
a: no special abilities


You were on level 2 of the Dungeon.
You were near starving.

You visited 1 branch of the dungeon, and saw 2 of its levels.

You collected 136 gold pieces.

Inventory:

Hand Weapons
 b - a +2 dagger of protection (weapon)
Missiles
 a - 120 arrows
Scrolls
 e - a scroll of enchant armour {unknown}
 f - a scroll of immolation {unknown}
 g - 7 scrolls of identify {unknown}
 h - 2 scrolls of remove curse {unknown}
 j - a scroll of blinking {unknown}
 l - a scroll of teleportation {unknown}
 m - a scroll of enchant weapon {unknown}
Potions
 i - 2 potions of curing {unknown}
 k - 2 potions of heal wounds {unknown}
Comestibles
 d - 5 rations {!d}


   Skills:
 * Level 1.9 Fighting
 + Level 1.9 Dodging
 + Level 0.3 Stealth
 * Level 3.5 Unarmed Combat
 * Level 2.3 Spellcasting
 * Level 2.5 Transmutations


You had 3 spell levels left.
You knew the following spells:

 Your Spells              Type           Power        Failure   Level  Hunger
a - Beastly Appendage     Tmut           #.....       9%          1    #......
b - Sticks to Snakes      Tmut           #.......     13%         2    ###....

Your spell library contained the following spells:

 Spells                   Type           Power        Failure   Level  Hunger
 Spider Form              Tmut/Pois      #..          41%         3    ###....
 Ice Form                 Ice/Tmut       #.......     82%         4    #####..
 Blade Hands              Tmut           #.........   94%         5    ######.


Dungeon Overview and Level Annotations

Branches:
Dungeon (2/12)

Altars:

Annotations:
D:2 1 runed door, Robin


Innate Abilities, Weirdness & Mutations

Your plain brown scales are hard. (AC +5)
You cannot fit into any form of body armour.
You are cold-blooded and may be slowed by cold attacks.


Message History

The goblin hits you but does no damage. The goblin closely misses you.
Robin hits you but does no damage.
You barely miss Robin.
Robin is lightly wounded.
The goblin hits you with a +0 dagger. The goblin closely misses you.
Robin roars a battlecry!
The goblin goes into a battle-frenzy!
You are near starving!
You hit Robin.
Robin is moderately wounded.
The goblin barely misses you. x2; Robin hits you but does no damage.
You hit Robin.
Robin is moderately wounded.
The goblin hits you with a +0 dagger!
* * * LOW HITPOINT WARNING * * *
The goblin closely misses you. Robin closely misses you.
You barely miss Robin.
Robin is moderately wounded.
The goblin hits you with a +0 dagger.
You die...

........
######### #......
.......># ......
......... #...#
##########.. ....
.......###.. ###
#.##### #..(....
..# #.....#
#..###.. #.#
#.#######†###.#
#..# #.. #.#
#.....g@g.#
#.###..# #.. #.#
#..%..##g##
#......###..
#.########....
#.# ######......
#).........#> #.#
#.##...
#........... #.#
##.##...
#.#########
#.########...#...
#.#
#.#..........#...
#.#
#.#.######...#...
#.##### #.#
##.##...


You could see Robin and 2 goblins.

Vanquished Creatures
  A worm (D:2)
  5 leopard geckos
  2 bats (D:1)
  2 giant cockroaches (D:1)
  11 goblins
  4 hobgoblins
  3 jackals (D:2)
  3 kobolds
  A quokka (D:2)
  A ball python (D:1)
  A frilled lizard (D:2)
  3 rats
37 creatures vanquished.

Notes
Turn   | Place    | Note
-------+----------+-------------------------------------------
     0 | D:1      | Morbidden the Draconian Transmuter began the quest for the
                  | Orb.
     0 | D:1      | Reached XP level 1. HP: 16/16 MP: 3/3
    85 | D:1      | Reached XP level 2. HP: 23/23 MP: 3/5
   408 | D:1      | Learned a level 2 spell: Sticks to Snakes
   609 | D:2      | Reached XP level 3. HP: 29/29 MP: 6/6
   631 | D:2      | Found a runed door.
  1522 | D:2      | Noticed Robin
  1566 | D:2      | Slain by a goblin

Action                   || total
-------------------------++-------
Melee: Dagger            ||   144
       Unarmed           ||     3
       Kick              ||     2
       Headbutt          ||     2
       Punch             ||     1
       Tailslap          ||     7
 Cast: Beastly Appendage ||    11
  Use: Potion            ||     1
 Stab: Distracted        ||     1
       Sleeping          ||     1
  Eat: Chunk             ||     1
Armor: Skin              ||   113
Dodge: Dodged            ||    76
Block: Shield            ||    18
